 Dungeon Crawl Stone Soup version 0.29.0-15-g675c0067aa (webtiles) character file.

Game seed: 6516824266353195999

8345 sentinel the Thaumaturge (level 11, 76/86 HPs)
             Began as a Meteoran Earth Elementalist on Sept 11, 2022.
             Was a Priest of Cheibriados.
             Quit the game on level 9 of the Dungeon.
             The game lasted 00:14:54 (1893 turns).

sentinel the Thaumaturge (MeEE)                     Turns: 1893, Time: 00:14:55

Health: 76/86      AC: 10    Str: 22    XL:     11   Next: 83%
Magic:  4/28       EV: 15    Int: 27    God:    Cheibriados [***...]
Gold:   0          SH:  0    Dex: 21    Spells: 23/34 levels left

rFire   . . .      SeeInvis .   v - +2 dagger (venom)
rCold   . . .      Faith    .   (no shield)
rNeg    . . .      Spirit   .   a - +0 robe
rPois   .          Reflect  .   (no helmet)
rElec   +          Harm     .   c - +1 cloak
rCorr   .          Rampage  .   w - +0 pair of gloves
Will    +....                   d - +0 pair of boots
Stlth   +.........              e - amulet of regeneration
HPRegen 1.04/turn               p - +4 ring of protection
MPRegen 0.21/turn               g - +6 ring of strength

@: glowing, very slow
A: sense surroundings 2, otherworldly, glowing, explore regen, electricity
resistance, wild magic 1
a: Renounce Religion, Bend Time, Temporal Distortion


You were on level 9 of the Dungeon.
You worshipped Cheibriados.
Cheibriados was most pleased with you.
You visited 2 branches of the dungeon, and saw 12 of its levels.
You also visited: Sewer.

Inventory:

Hand Weapons
 v - a +2 dagger of venom (weapon)
Missiles
 k - 6 boomerangs
 m - a throwing net
Armour
 a - a +0 robe (worn)
 c - a +1 cloak (worn)
 d - a +0 pair of boots (worn)
 w - a +0 pair of gloves (worn)
Jewellery
 e - an amulet of regeneration (around neck)
 g - a +6 ring of strength (right hand)
 p - a +4 ring of protection (left hand)
 x - a +6 ring of strength
Wands
 u - a wand of polymorph (8)
Scrolls
 j - 2 scrolls of enchant weapon
 o - 2 scrolls of poison
 r - a scroll of vulnerability {unknown}
 t - a scroll of teleportation
Potions
 b - a potion of magic
 h - a potion of heal wounds {unknown}
 i - 2 potions of brilliance {unknown}
 l - a potion of attraction {unknown}
 n - a potion of resistance
 q - a potion of curing
 s - a potion of cancellation {unknown}
 M - a potion of mutation


   Skills:
 - Level 5.0 Fighting
 + Level 6.6 Throwing
 - Level 5.0 Dodging
 - Level 1.4 Stealth
 - Level 12.0 Spellcasting
 - Level 7.0 Conjurations
 - Level 1.2 Transmutations
 - Level 9.3 Earth Magic
 - Level 7.0 Invocations
 - Level 5.0 Evocations


You had 23 spell levels left.
You knew the following spells:

 Your Spells              Type           Power      Damage    Failure   Level
a - Sandblast             Erth           100%       2d20      1%          1
b - Stone Arrow           Conj/Erth      100%       3d13      1%          3
c - Passwall              Tmut/Erth      45%        N/A       1%          2
d - Iskenderun's Battles  Conj           63%        2d11      9%          5

Your spell library contained the following spells:

 Spells                   Type           Power      Damage    Failure   Level
 Petrify                  Tmut/Erth      55%        N/A       7%          4
 Leda's Liquefaction      Hex/Erth       26%        N/A       9%          4
 Call Canine Familiar     Summ           21%        N/A       16%         3
 Gell's Gravitas          Tloc           21%        N/A       16%         3
 Lesser Beckoning         Tloc           21%        N/A       16%         3
 Portal Projectile        Hex/Tloc       42%        N/A       16%         3
 Teleport Other           Tloc           21%        N/A       16%         3
 Fireball                 Conj/Fire      22%        3d10      30%         5
 Conjure Ball Lightning   Conj/Air       22%        3x3d6     83%         6
 Orb of Destruction       Conj           31%        9d10      90%         7


Dungeon Overview and Level Annotations

Branches:
Dungeon (11/15) Zot: 7262  Temple (1/1) D:6 Zot: 879   Sewer (visited)
   Lair: D:8-11         Orc: D:9-12

Altars:
Cheibriados
Dithmenos
Elyvilon
Kikubaaqudgha
Makhleb
Nemelex Xobeh
Vehumet

Shops:
D:4 (   D:6 !=*[

Annotations:
D:7 Prince Ribbit
D:10 1 runed translucent door, kthxbai's ghost, journeyman FoAM
D:11 Josephine


Innate Abilities, Weirdness & Mutations

You passively map the area around you.
You are easily found by Zot.
You glow in the dark.
You regain HP and MP as you explore.
You are resistant to electric shocks. (rElec)
Your spells are a little harder to cast, but a little more powerful.


Message History

The wolf howls!
You hear an angry hiss.
An iguana comes into view.
Casting: Sandblast (safe; 1% risk of failure)
Confirm with . or Enter, or press ? or * to list all spells.
You conjure a globe of magical energy.
The wolf howls!
The wolf closely misses your battlesphere.
A basilisk comes into view.
Casting: Iskenderun's Battlesphere (dangerous; 9% risk of failure)
Confirm with . or Enter, or press ? or * to list all spells.
Aiming: Stone Arrow (safe; 1% risk of failure)
Press: ? - help, Shift-Dir - straight line, f - wolf
Aim: a wolf (63% to hit)
The stone arrow misses the wolf.
Your battlesphere fires!
The barrage of energy hits the wolf.
The wolf is lightly wounded.
Casting: Stone Arrow (safe; 1% risk of failure)
Confirm with . or Enter, or press ? or * to list all spells.
Aiming: Stone Arrow (safe; 1% risk of failure)
Press: ? - help, Shift-Dir - straight line, f/p - wolf
Aim: a wolf (lightly wounded, 63% to hit)
The stone arrow hits the wolf!!
You kill the wolf!
Cheibriados thoroughly appreciates the change of pace.
Your battlesphere fires!
The barrage of energy hits the iguana!
The iguana is moderately wounded.
The wolf bites your battlesphere!
Casting: Stone Arrow (safe; 1% risk of failure)
Confirm with . or Enter, or press ? or * to list all spells.
Aiming: Stone Arrow (safe; 1% risk of failure)
Press: ? - help, Shift-Dir - straight line, f - iguana
Aim: an iguana (moderately wounded, 81% to hit)
You miscast Stone Arrow.
You are very lightly contaminated with residual magic.
Nothing appears to happen.
Casting: Stone Arrow (safe; 1% risk of failure)
Confirm with . or Enter, or press ? or * to list all spells.
Aiming: Stone Arrow (safe; 1% risk of failure)
Press: ? - help, Shift-Dir - straight line, f/p - iguana
Aim: an iguana (moderately wounded, 81% to hit)
The stone arrow hits the wolf!!
The wolf is severely wounded.
Your battlesphere fires!
The barrage of energy hits the basilisk!
The basilisk is moderately wounded.
The wolf barely misses you.
A water moccasin comes into view.
Casting: Stone Arrow (safe; 1% risk of failure)
Confirm with . or Enter, or press ? or * to list all spells.
Aiming: Stone Arrow (safe; 1% risk of failure)
Press: ? - help, Shift-Dir - straight line, f/p - iguana
Aim: an iguana (moderately wounded, 81% to hit)
You miscast Stone Arrow.
Nothing appears to happen.
The wolf bites you. The wolf completely misses you. The iguana bites you.
Aiming: Bolt of Light
Press: ? - help, Shift-Dir - straight line, f - basilisk, p - iguana
Aim: a basilisk (moderately wounded, ally target, 67% to hit)
The bolt of light hits the wolf.
You kill the wolf!
Cheibriados thoroughly appreciates the change of pace.
The bolt of light hits the basilisk!!
You kill the basilisk!
Cheibriados thoroughly appreciates the change of pace.
The now-empty wand crumbles to dust.
A wyvern comes into view.
The iguana misses you.
Your Throwing skill increases to level 6!
Casting: Stone Arrow (safe; 1% risk of failure)
Confirm with . or Enter, or press ? or * to list all spells.
Aiming: Stone Arrow (safe; 1% risk of failure)
Press: ? - help, Shift-Dir - straight line, f - water moccasin
Aim: a water moccasin (63% to hit)
The stone arrow hits the water moccasin!!
The water moccasin is almost dead.
Your battlesphere fires!
The barrage of energy hits the wyvern!
The wyvern is moderately wounded.
The iguana bites you.
A basilisk comes into view.
Casting: Stone Arrow (safe; 1% risk of failure)
Confirm with . or Enter, or press ? or * to list all spells.
Aiming: Stone Arrow (safe; 1% risk of failure)
Press: ? - help, Shift-Dir - straight line, f/p - water moccasin
Aim: a water moccasin (almost dead, 63% to hit)
Okay, then.
Casting: Stone Arrow (safe; 1% risk of failure)
Confirm with . or Enter, or press ? or * to list all spells.
Aiming: Sandblast (safe; 1% risk of failure)
Press: ? - help, Shift-Dir - straight line, f/p - water moccasin
Aim: a water moccasin (almost dead, 76% to hit)
The blast of sand hits the water moccasin!!
You kill the water moccasin!
Cheibriados thoroughly appreciates the change of pace.
The iguana bites you.
Casting: Sandblast (safe; 1% risk of failure)
Confirm with . or Enter, or press ? or * to list all spells.
Aiming: Stone Arrow (safe; 1% risk of failure)
Press: ? - help, Shift-Dir - straight line, f - wyvern
Aim: a wyvern (moderately wounded, ally target, 78% to hit)
The stone arrow hits the wyvern!!
You kill the wyvern!
Cheibriados thoroughly appreciates the change of pace.
You can now warp the flow of time around you.
Your battlesphere fires!
The barrage of energy hits the basilisk!
The basilisk is moderately wounded.
The iguana barely misses you.
Casting: Stone Arrow (safe; 1% risk of failure)
Confirm with . or Enter, or press ? or * to list all spells.
Aiming: Sandblast (safe; 1% risk of failure)
Press: ? - help, Shift-Dir - straight line, f - iguana
Aim: an iguana (moderately wounded, 87% to hit)
Okay, then.
The iguana barely misses you.
A wraith comes into view.
The iguana barely misses you. The basilisk bites your battlesphere!!
Your battlesphere is destroyed!
The iguana bites you!
Okay, then.
The iguana completely misses you.
Casting: Sandblast (safe; 1% risk of failure)
Confirm with . or Enter, or press ? or * to list all spells.
Aiming: Stone Arrow (safe; 1% risk of failure)
Press: ? - help, Shift-Dir - straight line, f - basilisk
Aim: a basilisk (magical condensation, moderately wounded, 72% to hit)
The stone arrow hits the basilisk!!
The basilisk is almost dead.
A scorpion comes into view.
The iguana barely misses you.
Casting: Stone Arrow (safe; 1% risk of failure)
Confirm with . or Enter, or press ? or * to list all spells.
Aiming: Sandblast (safe; 1% risk of failure)
Press: ? - help, Shift-Dir - straight line, f/p - basilisk
Aim: a basilisk (almost dead, 82% to hit)
The blast of sand hits the basilisk!!
You kill the basilisk!
Cheibriados thoroughly appreciates the change of pace.
The iguana barely misses you. The iguana bites you!
Your magical contamination has completely faded away.
The iguana barely misses you. The iguana bites you. The iguana bites you.
Unknown command.
Okay, then.
Unknown command.
Okay, then.
Unknown command.
Are you sure you want to abandon this character and quit the game? (Confirm with "yes".)

.# #...........#
*#..P..♣..... ##
#.......<..####....... ,
# #..........#......♣P..
, #
#............†........
,, , #
#.............#†...... #
###........W.##.††..P.,,
* # #####.####s# .......
,, , *.... *#l# .P.....
, , .8...8,#@# .....P. ,
#...... #......P..P,,,
,, * , ,... ,,
..###....P., , , , ,.###
.. ,, ,,* 8.* , * ,, ..
* * , .## * * ,,, #. **
,


You could see a wraith, a scorpion and an iguana.

Vanquished Creatures
  A two-headed ogre (D:11)
  Pikel (D:8)
  A manticore (D:11)
  A troll (D:11)
  2 shadows (D:11)
  A wraith (D:10)
  A vampire (D:10)
  17 yaks
  A wyvern (D:9)
  2 basilisks (D:9)
  A steam dragon (D:6)
  4 water moccasins
  Duvessa (D:7)
  2 ice beasts
  Pargi (Sewer)
  2 sky beasts
  2 black bears (D:9)
  2 centaurs
  3 wolves (D:9)
  A lemure (D:7)
  2 phantoms
  4 bullfrogs
  2 scorpions
  3 wights (D:9)
  Dowan (D:7)
  12 killer bees
  A hound (D:4)
  A gnoll bouda (D:6)
  3 iguanas
  A jelly (D:4)
  3 orc wizards (D:7)
  7 gnolls (D:6)
  2 adders (D:4)
  3 white imps
  An ufetubus (D:6)
  A dart slug (D:5)
  12 orcs
  A bat (D:3)
  An endoplasm (D:4)
  4 giant cockroaches
  2 hobgoblins (D:3)
  A kobold (D:4)
  A quokka (D:4)
  3 ball pythons
  2 frilled lizards (Sewer)
  6 goblins
  4 rats
131 creatures vanquished.

Vanquished Creatures (others)
  A fungus (D:9)
  15 plants
16 creatures vanquished.

Grand Total: 147 creatures vanquished

Notes
Turn   | Place    | Note
-------+----------+-------------------------------------------
     0 | D:1      | sentinel the Meteoran Earth Elementalist began the quest
                  | for the Orb.
     0 | D:1      | Reached XP level 1. HP: 14/14 MP: 5/5
   159 | D:3      | Reached XP level 2. HP: 20/20 MP: 3/6
   164 | D:3      | Learned a level 2 spell: Passwall
   237 | D:3      | Reached XP level 3. HP: 26/26 MP: 5/8
   241 | D:3      | Learned a level 3 spell: Stone Arrow
   338 | D:4      | Found Hauvvagig's Weapon Shoppe.
   353 | D:4      | Reached skill level 3 in Spellcasting
   353 | D:4      | Reached skill level 1 in Conjurations
   353 | D:4      | Reached XP level 4. HP: 33/33 MP: 3/9
   382 | D:4      | Noticed a water moccasin
   385 | D:4      | Killed a water moccasin
   386 | D:4      | Reached skill level 5 in Earth Magic
   386 | D:4      | Reached XP level 5. HP: 33/38 MP: 5/11
   449 | D:4      | Reached XP level 6. HP: 45/45 MP: 7/12
   536 | D:4      | Reached skill level 4 in Spellcasting
   545 | D:4      | Found a glowing drain.
   558 | Sewer    | Entered a sewer
   576 | Sewer    | Noticed Pargi
   579 | Sewer    | Killed Pargi
   580 | Sewer    | Reached XP level 7. HP: 50/50 MP: 1/14
   708 | D:5      | Entered Level 5 of the Dungeon
   732 | D:4      | Noticed a water moccasin
   736 | D:4      | Killed a water moccasin
   737 | D:4      | Reached skill level 5 in Conjurations
   745 | D:4      | Reached skill level 5 in Spellcasting
   806 | D:5      | Reached XP level 8. HP: 55/57 MP: 12/17
   832 | D:6      | Found Ymuac's Distillery.
   840 | D:7      | Noticed Prince Ribbit
   847 | D:6      | Reached skill level 6 in Spellcasting
   915 | D:6      | Reached skill level 7 in Spellcasting
   920 | D:6      | Found a burning altar of Makhleb.
   941 | D:6      | Gained mutation: You passively map the area around you.
                  | [Meteoran growth]
   941 | D:6      | Reached XP level 9. HP: 62/62 MP: 9/21
   961 | D:6      | Found Nas Xij's Armour Emporium.
   973 | D:6      | Reached skill level 8 in Spellcasting
   986 | D:6      | Found a staircase to the Ecumenical Temple.
  1003 | D:6      | Found Haogubb's Jewellery Shop.
  1029 | D:6      | Found Maavuguf's Assorted Antiques.
  1032 | Temple   | Entered the Ecumenical Temple
  1039 | Temple   | Became a worshipper of Cheibriados the Contemplative
  1123 | D:7      | Reached skill level 1 in Fighting
  1123 | D:7      | Reached skill level 1 in Evocations
  1161 | D:7      | Noticed Duvessa
  1161 | D:7      | Noticed Dowan
  1164 | D:7      | Killed Duvessa
  1173 | D:7      | Killed Dowan
  1232 | D:7      | Reached * piety under Cheibriados
  1233 | D:7      | Reached skill level 5 in Fighting
  1233 | D:7      | Reached skill level 5 in Evocations
  1233 | D:7      | Reached XP level 10. HP: 77/81 MP: 6/23
  1236 | D:7      | Reached skill level 1 in Invocations
  1267 | D:8      | Noticed Pikel
  1322 | D:8      | Killed Pikel
  1323 | D:8      | Reached skill level 5 in Invocations
  1391 | D:8      | Gained mutation: Your mind is acute. (Int +4, Str/Dex -1)
                  | [potion of mutation]
  1391 | D:8      | Gained mutation: Your spells are a little harder to cast,
                  | but a little more powerful. [potion of mutation]
  1391 | D:8      | Lost mutation: Your mind is acute. (Int +4, Str/Dex -1)
                  | [potion of mutation]
  1391 | D:8      | Gained mutation: You are resistant to electric shocks.
                  | (rElec) [potion of mutation]
  1583 | D:9      | Reached skill level 5 in Dodging
  1589 | D:9      | Reached ** piety under Cheibriados
  1590 | D:9      | Reached skill level 9 in Spellcasting
  1607 | D:9      | Reached skill level 10 in Spellcasting
  1608 | D:10     | Entered Level 10 of the Dungeon
  1609 | D:10     | Found a radiant altar of Vehumet.
  1619 | D:10     | Learned a level 5 spell: Iskenderun's Battlesphere
  1629 | D:10     | Reached XP level 11. HP: 86/86 MP: 17/26
  1645 | D:11     | Noticed a manticore
  1648 | D:11     | Killed a manticore
  1657 | D:11     | Noticed a two-headed ogre
  1664 | D:11     | Killed a two-headed ogre
  1671 | D:11     | Reached skill level 11 in Spellcasting
  1704 | D:10     | Noticed kthxbai's ghost (journeyman FoAM)
  1744 | D:11     | Noticed Josephine
  1744 | D:11     | Noticed a cyclops
  1778 | D:10     | Found a runed translucent door.
  1787 | D:10     | Reached skill level 1 in Throwing
  1830 | D:9      | Reached skill level 12 in Spellcasting
  1845 | D:9      | Reached skill level 5 in Throwing
  1882 | D:9      | Reached *** piety under Cheibriados
  1893 | D:9      | Quit the game

Illustrated notes

Levels and vault maps discovered:
D:1:      wander_arrival_abandoned_jail, layout_basic,
          shapermc_ecumenical_altar_hornbeckon, kennysheep_nondescript,
          minmay_misc_feat_tower, minmay_rat_gold_closets
D:2:      layout_loops_ring, basic_altar, uniq_jessica
D:3:      layout_loops_corners, nrook_campfire, kennysheep_another_room,
          guppyfry_early_orc_mine
D:4:      layout_loops_cross, serial_shops, nicolae_stop_n_shop_1,
          portal_sewer_entry_e
D:5:      minmay_bubble_buster, layout_rooms, nicolae_ru_path_of_blood,
          chequers_serial_rivers_micro_c, roderic_lattice_a
D:6:      layout_cave_pools, general_overflow_altar,
          minmay_temple_entry_statues_pillars, serial_shops,
          nicolae_stop_n_shop_2, shop, nicolae_stop_n_shop_1,
          nicolae_shop_statue_plus, grunt_ministairs_15
D:7:      layout_rooms, nicolae_overflow_squiral, fedhas_altar_1,
          uniq_crazy_yiuf_cottage, uniq_duvessa, uniq_prince_ribbit1
D:8:      layout_loops_corners, uniq_psyche, uniq_pikel
D:9:      layout_cave_pods, grunt_gozag_statues, minmay_lair_entry_grove
D:10:     layout_grid_maze, mainiacjoe_overflow_small_starburst,
          hellmonk_ghost_big_iron, minmay_misc_feat_rugged,
          minmay_misc_feat_enclosed, nicolae_benzene_ring, uniq_sonja
D:11:     layout_rooms, zombieorc2_lemuel, uniq_josephine
Temple:   nicolae_temple_bog_church

Skill      XL: |  1  2  3  4  5  6  7  8  9 10 11 |
---------------+----------------------------------+-----
Earth Magic    | 4 5 7 8 9 |  9.3
Spellcasting   | 3 4 5 7 8 10 12 | 12.0
Conjurations   | 1 3 4 5 7 |  7.0
Fighting       | 5 |  5.0
Evocations     | 5 |  5.0
Invocations    | 7 |  7.0
Dodging        | 5 |  5.0
Throwing       | 6 |  6.6
Stealth        | |  1.4
Transmutations | |  1.2

Action                   |  1- 3 |  4- 6 |  7- 9 | 10-12 || total
-------------------------+-------+-------+-------+-------++-------
Melee: Unarmed           |       |     2 |       |       ||     2
       Dagger            |       |       |     1 |     3 ||     4
 Cast: Sandblast         |    21 |    30 |    49 |    28 ||   128
       Stone Arrow       |     1 |     5 |    43 |    67 ||   116
       Passwall          |       |     1 |     4 |     2 ||     7
       Iskenderun's Batt |       |       |       |     3 ||     3
Evoke: Wand              |       |       |     2 |     6 ||     8
  Use: Scroll            |     2 |     2 |     1 |     5 ||    10
       Potion            |       |       |       |     2 ||     2
 Stab: Invisible         |       |       |       |     1 ||     1
Armor: Robe              |       |    12 |    33 |    22 ||    67
Dodge: Dodged            |     3 |    12 |    37 |    47 ||    99
